 Dungeon Crawl Stone Soup version 0.28-a0-247-gb8bfbab023 (webtiles) character file.

Game seed: 17981195568626683511

14931 robertstho the Thaumaturge (level 12, -29/84 HPs)
             Began as a Djinni Fire Elementalist on Aug 24, 2021.
             Was an Initiate of Gozag.
             Engulfed by a cloud of freezing vapour (31 damage)
             ... on level 10 of the Dungeon on Aug 25, 2021.
             The game lasted 00:20:00 (15880 turns).

robertstho the Thaumaturge (DjFE)                  Turns: 15880, Time: 00:20:00

Health: -29/84     AC:  6    Str:  7    XL:     12   Next: 51%
Gold:   1308       EV: 13    Int: 23    God:    Gozag SH:  5 Dex: 13

rFire   + + .      SeeInvis +   G - +2 falchion (vamp)
rCold   x . .      Faith    .   (no shield)
rNeg    . . .      Spirit   .   x - +0 steam dragon scales
rPois   ∞          Reflect  +   (no helmet)
rElec   .          Harm     .   p - +0 cloak
rCorr   .          Rampage  .   (no gloves)
Will    +....                   (boots unavailable)
Stlth   +++.......              C - amulet of reflection
HPRegen 0.24/turn               o - ring of see invisible
MPRegen 0.00/turn               (no ring)

@: gold aura, flying
A: sickness immunity, fire resistance 2, cold vulnerability 1, float, innate
caster, hp casting, extra vitality 1
a: Renounce Religion, Potion Petition, Call Merchant, Bribe Branch


You were on level 10 of the Dungeon.
You worshipped Gozag.
Gozag was most pleased with you.
You visited 2 branches of the dungeon, and saw 11 of its levels.

You collected 1508 gold pieces.
You spent 84 gold pieces at shops.
You paid 116 gold pieces to Gozag.

Inventory:

Hand Weapons
 s - a +2 spectral dagger
 G - a +2 vampiric falchion (weapon)
Armour
 p - a +0 cloak (worn)
 x - +0 steam dragon scales (worn)
Magical Staves
 k - a staff of air
Jewellery
 b - a ring of positive energy
 o - a ring of see invisible (left hand)
 C - an amulet of reflection (around neck)
Wands
 f - a wand of acid (9)
 w - a wand of polymorph (12)
 y - a wand of digging (11)
 B - a wand of iceblast (7)
Scrolls
 a - 4 scrolls of identify
 d - 3 scrolls of immolation {unknown}
 i - a scroll of silence {unknown}
 j - 4 scrolls of enchant armour {unknown}
 r - 3 scrolls of teleportation
 t - a scroll of vulnerability {unknown}
 u - 2 scrolls of magic mapping {unknown}
 v - a scroll of fear
 z - 2 scrolls of holy word {unknown}
 A - a scroll of enchant weapon {unknown}
 D - 2 scrolls of brand weapon
Potions
 c - 3 potions of might
 g - 6 potions of curing
 h - a potion of haste {unknown}
 l - a potion of brilliance {unknown}
 m - 2 potions of mutation {unknown}
 n - 2 potions of ambrosia {unknown}
 q - 2 potions of berserk rage {unknown}
 F - a potion of attraction {unknown}


   Skills:
 * Level 6.9 Fighting
 + Level 1.8(2.0) Short Blades
 + Level 1.1(1.7) Long Blades
 + Level 4.2 Dodging
 + Level 4.2 Stealth
 + Level 0.1 Shields
 * Level 13.1 Spellcasting
 + Level 0.1 Evocations


You had 8 spell levels left.
You knew the following spells:

 Your Spells              Type           Power      Damage    Failure   Level
a - Foxfire               Conj/Fire      100%       2x1d9     1%          1
b - Conjure Flame         Conj/Fire      66%        6-21      1%          3
c - Inner Flame           Hex/Fire       66%        N/A       1%          3
d - Sticky Flame          Conj/Fire      66%        2d8       1%          4
e - Fireball              Conj/Fire      33%        3d14      1%          5
f - Beastly Appendage     Tmut           100%       N/A       1%          1
g - Corpse Rot            Necr/Air       N/A        N/A       1%          2
h - Ensorcelled Hibernat  Hex/Ice        100%       N/A       1%          2
i - Lesser Beckoning      Tloc           33%        N/A       1%          3
j - Freezing Cloud        Conj/Ice/Air   33%        6-21      1%          5
Your spell library was empty.

Dungeon Overview and Level Annotations

Branches:
Dungeon (10/15)            Temple (1/1) D:7            Lair (0/6) D:9
    Orc: D:9-12

Altars:
Ashenzari
Cheibriados
Dithmenos
Elyvilon
Fedhas
Gozag
Hepliaklqana
Kikubaaqudgha
Makhleb
Nemelex Xobeh
Okawaru
Qazlal
Ru
Sif Muna
Trog
Uskayaw
Vehumet
Wu Jian
Xom
Yredelemnul
Zin
The Shining One

Shops:
D:2 [[!*   D:3 :   D:5 :   D:8 (:


Innate Abilities, Weirdness & Mutations

You are immune to sickness and miasma.
You are immune to poison.
Your flesh is very heat resistant. (rF++)
You are vulnerable to cold. (rC-)
You float through the air rather than walking.
You learn spells naturally, not from books.
Your magical power is your life essence.
You have superior vitality. (+4 HP)


Message History

The fire crab breathes flames at you.
You hear a sizzling sound!
You are engulfed in blazing flames.
You resist.
The fire crab is engulfed in freezing vapours.
You are engulfed in blazing flames.
You resist.
Casting: Freezing Cloud (dangerous; 1% risk of failure)
Confirm with . or Enter, or press ? or * to list all spells.
Aiming: Freezing Cloud (dangerous; 1% risk of failure)
Press: ? - help, Dir - move target, f - fire crab
Aim: a fire crab (moderately wounded)
The fire crab is engulfed in freezing vapours.
The fire crab is engulfed in freezing vapours.
The fire crab is engulfed in freezing vapours.
Casting: Freezing Cloud (dangerous; 1% risk of failure)
Confirm with . or Enter, or press ? or * to list all spells.
Aiming: Freezing Cloud (dangerous; 1% risk of failure)
Press: ? - help, Dir - move target, f/p - fire crab
Aim: a fire crab (severely wounded) That beam is likely to hit you.
Continue anyway?
You are engulfed in freezing vapours.
Ouch! That really hurt!
* * * LOW HITPOINT WARNING * * *
The fire crab is engulfed in freezing vapours.
You kill the fire crab!
The fire crab's shape twists and changes as it dies.
Okay, then.
You feel much better.
You are engulfed in freezing vapours.
* * * LOW HITPOINT WARNING * * *
You feel much better.
You are engulfed in freezing vapours.
* * * LOW HITPOINT WARNING * * *
You feel much better.
You are engulfed in freezing vapours.
* * * LOW HITPOINT WARNING * * *
Okay, then.
As you read the scroll labelled SEJEPIVAOM, it crumbles to dust.
It is a scroll of brand weapon.
Your +2 dagger of speed acquires a faint afterimage.
s - a +2 spectral dagger You are engulfed in freezing vapours.
You die...
Your body crumbles into a pile of gold.

##. .#..#.....#..
.............
............
#.........##
#.........#.
###.........#.
########§§§........#.
#.§§@§§§§§.§.......#.
#.#§####§§####...###.
#.#§# #### #.....(#.
#.#.# ##..##.#.
#.#.### #.......
#.#.#.## ###.....
#.#.#..## ##....
#.#.#...### ###..#
#.#.#...#.## #....#


There were no monsters in sight!

Vanquished Creatures
  Erolcha (D:10)
  A hydra (D:9)
  3 two-headed ogres
  3 death yaks (D:9)
  A fire crab (shapeshifter) (D:10)
  A cyclops (D:8)
  A manticore (D:8)
  Maggie (D:7)
  A wraith (D:8)
  4 wyverns
  14 yaks
  2 steam dragons
  2 water moccasins
  Duvessa (D:5)
  3 orc warriors
  A black bear (D:7)
  2 ice beasts
  2 necrophages
  3 ogres
  4 centaurs
  A kobold brigand (D:8)
  A gnoll sergeant (D:5)
  5 bullfrogs
  2 scorpions
  Dowan (D:5)
  11 killer bees
  3 electric eels (D:8)
  7 wights
  3 howler monkeys
  5 centaur zombies
  2 gnoll shamans
  2 hounds
  4 jellies
  Crazy Yiuf (D:5)
  5 orc priests
  3 centaur skeletons
  An iguana (D:5)
  7 orc wizards
  2 howler monkey zombies (D:8)
  11 gnolls
  3 adders
  A howler monkey skeleton (D:5)
  A white imp (D:8)
  An adder skeleton (D:4)
  2 worms
  A dart slug (D:4)
  22 orcs
  3 ball pythons
  5 endoplasms
  3 giant cockroaches
  6 goblins
  7 hobgoblins
  7 kobolds
  3 quokkas
  6 bats
  4 frilled lizards
  3 rats
206 creatures vanquished.

Vanquished Creatures (others)
  570 foxfires
  4 fungi (D:8)
  A plant (D:7)
575 creatures vanquished.

Grand Total: 781 creatures vanquished

Notes
Turn   | Place    | Note
-------+----------+-------------------------------------------
     0 | D:1      | robertstho the Djinni Fire Elementalist began the quest for
                  | the Orb.
     0 | D:1      | Reached XP level 1. HP: 15/15 MP: 0/0
   428 | D:1      | Reached XP level 2. HP: 18/22 MP: 0/0
   995 | D:1      | Found a faded altar of an unknown god.
  1239 | D:1      | Reached skill level 3 in Spellcasting
  1711 | D:2      | Reached XP level 3. HP: 15/26 MP: 0/0
  1711 | D:2      | Learned a level 1 spell: Beastly Appendage
  1910 | D:2      | Reached skill level 1 in Fighting
  2238 | D:2      | Found Rosysik's Distillery.
  2246 | D:2      | Bought a potion of curing for 36 gold pieces
  2246 | D:2      | Bought a potion of might for 48 gold pieces
  2246 | D:2      | Found Leqoh's Assorted Antiques.
  2443 | D:2      | Found Yseuczuutai's Antique Armour Shoppe.
  2600 | D:2      | Found Hifiucun's Armour Emporium.
  2704 | D:2      | Found a blossoming altar of Fedhas.
  3140 | D:3      | Found Xibliaw's Book Shoppe.
  3250 | D:3      | Reached XP level 4. HP: 24/32 MP: 0/0
  3594 | D:3      | Found a hide-covered altar of Uskayaw.
  4151 | D:4      | Reached XP level 5. HP: 34/38 MP: 0/0
  4151 | D:4      | Learned a level 2 spell: Corpse Rot
  4211 | D:4      | Noticed an ogre
  4221 | D:4      | Killed an ogre
  4222 | D:4      | Reached skill level 4 in Spellcasting
  4222 | D:4      | Reached XP level 6. HP: 36/43 MP: 0/0
  4549 | D:4      | Found a snail-covered altar of Cheibriados.
  5453 | D:5      | Entered Level 5 of the Dungeon
  5453 | D:5      | Noticed an ogre
  5602 | D:5      | Reached skill level 5 in Spellcasting
  5606 | D:5      | Reached XP level 7. HP: 39/49 MP: 0/0
  5606 | D:5      | Learned a level 2 spell: Ensorcelled Hibernation
  5607 | D:5      | Noticed Dowan
  5611 | D:5      | Noticed Duvessa
  5613 | D:5      | Killed Dowan
  5620 | D:5      | Killed Duvessa
  5944 | D:5      | Found a glowing silver altar of Zin.
  5945 | D:5      | Found a white marble altar of Elyvilon.
  5989 | D:5      | Found a glowing golden altar of the Shining One.
  6002 | D:5      | Reached skill level 6 in Spellcasting
  6002 | D:5      | Reached XP level 8. HP: 16/55 MP: 0/0
  6623 | D:5      | Found a runed translucent door.
  6624 | D:5      | Noticed Crazy Yiuf
  6757 | D:5      | Found Balov's Self-Improvement Boutique.
  6941 | D:5      | Killed Crazy Yiuf
  7218 | D:6      | Reached skill level 7 in Spellcasting
  7499 | D:6      | Found an ornate altar of the Wu Jian Council.
  7520 | D:6      | Reached XP level 9. HP: 52/62 MP: 0/0
  7520 | D:6      | Learned a level 3 spell: Lesser Beckoning
  7651 | D:6      | Found a shadowy altar of Dithmenos.
  8242 | D:6      | Reached skill level 8 in Spellcasting
  8741 | D:6      | Reached skill level 1 in Short Blades
  9378 | D:7      | Noticed Maggie
  9383 | D:7      | Killed Maggie
  9384 | D:7      | Reached skill level 5 in Fighting
  9384 | D:7      | Reached skill level 9 in Spellcasting
  9384 | D:7      | Reached XP level 10. HP: 50/70 MP: 0/0
  9646 | D:7      | Found a staircase to the Ecumenical Temple.
  9685 | Temple   | Entered the Ecumenical Temple
  9918 | Temple   | Became a worshipper of Gozag Ym Sagoz the Greedy
  9949 | D:7      | You are sucked into a shaft and drop 3 floors!
  9949 | D:10     | Entered Level 10 of the Dungeon
 10420 | D:10     | Noticed a fire crab
 10467 | D:10     | Noticed Erolcha
 10487 | D:10     | Noticed a two-headed ogre
 10488 | D:10     | Killed Erolcha
 10489 | D:10     | Reached skill level 10 in Spellcasting
 10491 | D:10     | Killed a two-headed ogre
 10492 | D:10     | Reached XP level 11. HP: 17/76 MP: 0/0
 10492 | D:10     | Learned a level 5 spell: Freezing Cloud
 10932 | D:9      | Found a stormy altar of Qazlal.
 10932 | D:9      | Found a blossoming altar of Fedhas.
 11385 | D:9      | Noticed an eight-headed hydra
 11399 | D:9      | Killed an eight-headed hydra
 11400 | D:9      | Reached skill level 11 in Spellcasting
 11770 | D:8      | Found Duommeam's Book Boutique.
 12089 | D:8      | Noticed a two-headed ogre
 12094 | D:8      | Killed a two-headed ogre
 12222 | D:8      | Noticed a manticore
 12229 | D:8      | Killed a manticore
 12418 | D:8      | Noticed a cyclops
 12424 | D:8      | Killed a cyclops
 12891 | D:8      | Reached skill level 12 in Spellcasting
 13347 | D:8      | Found an iron altar of Okawaru.
 14092 | D:8      | Noticed a two-headed ogre
 14097 | D:8      | Killed a two-headed ogre
 14098 | D:8      | Reached XP level 12. HP: 63/84 MP: 0/0
 14444 | D:8      | Found Voniduv's Weapon Shoppe.
 14510 | D:9      | Noticed a death yak
 14521 | D:9      | Killed a death yak
 14719 | D:9      | Noticed a death yak
 14721 | D:9      | Noticed a death yak
 14726 | D:9      | Killed a death yak
 14727 | D:9      | Reached skill level 1 in Long Blades
 14744 | D:9      | Killed a death yak
 15015 | D:9      | Found a staircase to the Lair.
 15138 | D:9      | Reached skill level 13 in Spellcasting
 15854 | D:10     | Upgraded the game from 0.28-a0-245-g639a1a48b9 to
                  | 0.28-a0-247-gb8bfbab023
 15876 | D:10     | Killed a fire crab
 15879 | D:10     | HP: 2/84 [cloud of freezing vapour (33)]
 15880 | D:10     | Engulfed by a cloud of freezing vapour

Illustrated notes

Levels and vault maps discovered:
D:1:      lightli_arrival_lavapool, layout_basic,
          hellmonk_ecumenical_altar_crossroads, serial_corexii_hall,
          chequers_hall_statues_y, corexii_hall_statues_s
D:2:      layout_basic, basic_altar, serial_shops, nicolae_shop_waterfront,
          nicolae_shop_temple_entry_statues_fountains, nicolae_diamond_shop,
          nicolae_shop_waterfront
D:3:      layout_loops_cross, mainiacjoe_overflow_surrounded_room,
          amcnicky_altar_gilded, serial_shops, shop, bh_walls_and_bars
D:4:      layout_basic, kennysheep_mini, slow_altar_1
D:5:      layout_cave_pools, good_gods_mini_temple, minmay_misc_feat_iff,
          minivault_4, grunt_ministairs_14, serial_bayou_pond_e,
          eino_small_chamber_without_monster, nicolae_shop_self_help,
          uniq_duvessa, uniq_crazy_yiuf_cottage
D:6:      layout_loops_corners, nicolae_wu_jian_wuxing_cycle,
          grunt_dithmenos_smoke, lightli_minifort
D:7:      layout_basic, kiku_gazebo_pond_becter,
          minmay_temple_entry_gardened_gates, uniq_maggie, uniq_harold
D:8:      minmay_slanted_spiral_squares, layout_layer_cave,
          mainiacjoe_overflow_six_doors_small, serial_shops,
          kennysheep_mini_moat, nicolae_shop_crystal, water_boxes_lemuel
D:9:      layout_irregular_city, grunt_temple_overflow_forces_of_nature,
          dpeg_lair_monsters
D:10:     layout_cave_pools, serial_co_window_serial,
          co_window_of_opportunity_a, co_window_of_opportunity_a,
          co_window_of_opportunity_a, co_window_paths_a, co_window_paths_b,
          co_window_paths_a, co_window_paths_a, co_window_corner_ca,
          co_window_unsneaky_path_a, co_window_corner_b,
          co_window_unsneaky_path_b, co_window_broadway_a,
          co_window_of_opportunity_b, glass_columns_b, glass_columns_b,
          uniq_erolcha
Temple:   compressed_dpeg_triangle_lava_temple

Skill      XL: |  1  2  3  4  5  6  7  8  9 10 11 12 |
---------------+-------------------------------------+-----
Spellcasting   | 3 4 5 6 7 9 10 12 13 | 13.1
Fighting       | 1 2 4 5 6 |  6.9
Stealth        | 2 3 4 |  4.2
Dodging        | 3 4 |  4.2
Short Blades   | 1 |  1.8
Long Blades    | 1 |  1.1
Shields        | |  0.1
Evocations     | |  0.1

Action                   |  1- 3 |  4- 6 |  7- 9 | 10-12 || total
-------------------------+-------+-------+-------+-------++-------
Melee: Dagger            |       |       |    18 |     4 ||    22
       Falchion          |       |       |       |    16 ||    16
 Cast: Foxfire           |   113 |   101 |   132 |       ||   346
       Sticky Flame      |       |       |     6 |    11 ||    17
       Fireball          |       |       |    29 |   123 ||   152
       Ensorcelled Hiber |       |       |       |     3 ||     3
       Freezing Cloud    |       |       |       |    18 ||    18
Evoke: Wand              |       |       |     1 |       ||     1
  Use: Scroll            |     2 |       |     4 |     2 ||     8
       Potion            |       |       |     1 |     3 ||     4
 Stab: Sleeping          |       |       |     1 |       ||     1
Armor: Robe              |     3 |     3 |    10 |       ||    16
       Steam dragon scal |       |       |       |    13 ||    13
Dodge: Dodged            |     7 |    10 |    19 |    17 ||    53
Block: Other             |       |       |       |     1 ||     1
       Rpst.: Falchion   |       |       |       |     1 ||     1

Table legend: (Time is in decaauts)
 A = Elapsed time spent in this place.
 B = Non-inter-level travel time spent in this place.
 C = Inter-level travel time spent in this place.
 D = Time resting spent in this place.
 E = Time spent auto-exploring this place.
 F = Levels seen in this place.
 G = Mean time per level.
                   A        B        C        D        E       F      G
               +--------+--------+--------+--------+--------+-----+--------+
         Total |  15886 |  15509 |    377 |   2162 |  11884 |  11 | 1444.2 |
       Dungeon |  15638 |  15277 |    361 |   2162 |  11661 |  10 | 1563.8 |
        Temple |    248 |    233 |     15 |      0 |    223 |   1 |  248.0 |
               +--------+--------+--------+--------+--------+-----+--------+

Top non-repeatable levels by time:
     D:8: 2799 daAuts
     D:9: 1827 daAuts
     D:4: 1776 daAuts
     D:6: 1714 daAuts
     D:1: 1692 daAuts
     D:2: 1386 daAuts
     D:5: 1328 daAuts
    D:10: 1306 daAuts
     D:3: 1002 daAuts
     D:7: 805 daAuts
  Temple: 248 daAuts
